 Dungeon Crawl Stone Soup version 0.31-a0-963-ga325b2283a (webtiles) character file.

Game seed: 4953598398464960944

15045 strifetoe the Basher (level 11, -26/141 HPs)
             Began as an Armataur Berserker on Oct 24, 2023.
             Was a High Priest of Trog.
             Annihilated by an enormous slime creature (68 damage)
             ... on level 12 of the Dungeon.
             The game lasted 00:21:18 (12378 turns).

strifetoe the Basher (Armataur Berserker)          Turns: 12378, Time: 00:21:18

Health: -26/141    AC: 21    Str: 27    XL:     11   Next: 96%
Magic:  11/11      EV:  3    Int:  8    God:    Trog [*****.]
Gold:   920        SH:  8    Dex:  9    Spells: 10/10 levels left

rFire   . . .        z - +3 morningstar (flame)
rCold   + . .        J - +0 buckler
rNeg    . . .        d - +0 crystal plate armour
rPois   .            k - +0 helmet
rElec   .            p - +1 cloak
rCorr   .            (no gloves)
SInv    .            (no barding)
Will    ++...        f - amulet of reflection Stlth
                     e - +4 ring of protection
HPRegen 1.43/turn    F - ring of protection from cold
MPRegen 0.12/turn

%: reflection, roll
@: berserking, strong-willed, regenerating, very quick
A: large, rugged brown scales 3, deformed body, armoured tail, roll, long
tongue, awkward tongue
a: Renounce Religion, Berserk, Trog's Hand, Brothers in Arms


You were on level 12 of the Dungeon.
You worshipped Trog.
Trog was extremely pleased with you.
You visited 1 branch of the dungeon, and saw 12 of its levels.
You also visited: Sewer and Bailey.

You collected 920 gold pieces.

Inventory:

Hand Weapons
 b - a +4 falchion of holy wrath
 x - a +2 flail of draining
 y - a +3 great sword
 z - a +3 morningstar of flaming (weapon)
 M - a +1 dire flail of draining
Missiles
 E - a throwing net
Armour
 d - a +0 crystal plate armour (worn)
 k - a +0 helmet (worn)
 l - a +0 scale mail of cold resistance
 p - a +1 cloak (worn)
 u - a +2 chain mail of fire resistance
 A - a +2 chain mail of willpower
 J - a +0 buckler (worn)
Jewellery
 e - a +4 ring of protection (left hand)
 f - an amulet of reflection (around neck)
 o - a +4 ring of protection
 F - a ring of protection from cold (right hand)
Wands
 m - a wand of flame (55)
 q - a wand of mindburst (1)
 s - a wand of polymorph (8)
 t - a wand of iceblast (2)
Scrolls
 c - a scroll of fog
 h - 4 scrolls of fear
 j - 4 scrolls of teleportation
 n - a scroll of vulnerability
 r - a scroll of blinking
 w - a scroll of summoning
 B - 2 scrolls of poison
 C - 4 scrolls of identify
 G - 2 scrolls of brand weapon
 H - a scroll of amnesia
 K - a scroll of silence
Potions
 a - 2 potions of haste
 g - 4 potions of might
 i - 2 potions of enlightenment
 v - 5 potions of mutation
 D - 2 potions of curing
 I - a potion of magic {unknown}
 L - a potion of cancellation


   Skills:
 - Level 5.5 Fighting
 - Level 8.3 Long Blades
 + Level 13.8 Maces & Flails
 - Level 6.6 Armour
 - Level 4.1 Dodging


You had 10 spell levels left.
You didn't know any spells.
Your spell library was empty.

Dungeon Overview and Level Annotations

Branches:
Dungeon (12/15)            Temple (0/1) D:6            Lair (0/5) D:9
    Orc (0/2) D:9           Sewer (visited)          Bailey (visited)

Altars:
Fedhas
Xom


Innate Abilities, Weirdness & Mutations

You are completely covered in rugged brown scales. (AC +3, +7% HP)
Armour fits poorly on your strangely shaped body.
You have a long armoured tail.
You roll when moving toward enemies. (Rampage)
Your long tongue fully drains potion bottles. (2x potion effects)
Your tongue gives you trouble enunciating. (1.5x scroll delay)


Message History

Something unexpectedly blocks you, preventing you from rolling!
You thump something! You burn something. Something hits you but does no damage.
Two slime creatures merge to form a large slime creature.
Something unexpectedly blocks you, preventing you from rolling!
You miss something.
Something hits you but does no damage. x2
Something unexpectedly blocks you, preventing you from rolling!
You barely miss something. You block something's attack.
Something hits you but does no damage.
Something unexpectedly blocks you, preventing you from rolling!
You closely miss something.
Two slime creatures merge to form a very large slime creature.
Something hits you.
* * * LOW HITPOINT WARNING * * *
Something unexpectedly blocks you, preventing you from rolling!
You closely miss something. Something hits you but does no damage.
Something unexpectedly blocks you, preventing you from rolling!
You impale something!! You burn something. Trog accepts your kill.
Reactivating autopickup.
You feel a bit more experienced.
You thump the slime creature! You burn the slime creature.
You tail-slap the slime creature!
The slime creature is heavily wounded.
Two slime creatures merge to form an enormous slime creature.
You impale the enormous slime creature!!
You burn the enormous slime creature!
You tail-slap the enormous slime creature!
The enormous slime creature is heavily wounded.
You impale the enormous slime creature!!
You burn the enormous slime creature!
You tail-slap the enormous slime creature!!
The enormous slime creature is severely wounded.
You puncture the enormous slime creature!
You burn the enormous slime creature.
The enormous slime creature is severely wounded.
You bludgeon the enormous slime creature!!
You burn the enormous slime creature.
The enormous slime creature is almost dead.
The enormous slime creature hits you!!!
You die...

+# ##.# #..# ###<###
#.....# #.....#
#........ #....)###
#........ #.......###
#........ #.....#.@.#
#........
#.....###J####...J....
#.....# #....#........
#.....# ####.#........
####### #.'.$......
###.....$.. #........
#####'### ..


You could see an enormous slime creature.

Vanquished Creatures
  The ghost of p00ps00p the Cleaver, a journeyman HOFi of Gozag (D:11)
  A hydra (D:11)
  3 two-headed ogres
  A boulder beetle (D:11)
  A dancing weapon (D:11)
  A deep elf pyromancer (Bailey)
  An orc knight (Bailey)
  A cyclops (D:9)
  3 gargoyles
  An unseen horror (D:12)
  A rime drake (D:9)
  2 komodo dragons
  A polar bear (D:9)
  A troll (D:9)
  Prince Ribbit (D:5)
  A shadow (D:9)
  2 wraiths
  9 yaks
  Eustachio (D:4)
  A wyvern (D:9)
  2 steam dragons
  Menkaure (D:4)
  Edmund (D:4)
  Duvessa (D:4)
  An ice beast (D:9)
  8 orc warriors
  Pargi (Sewer)
  6 black bears
  2 ogres
  A wolf (D:9)
  A centaur (D:5)
  A phantom (D:9)
  4 kobold brigands
  4 bullfrogs
  2 scorpions
  A gnoll sergeant (D:5)
  5 wights (D:7)
  3 troll zombies (D:9)
  Dowan (D:4)
  4 howler monkeys
  A hound (D:4)
  A jelly (D:5)
  Crazy Yiuf (D:4)
  11 orc priests
  A gnoll bouda (D:9)
  Terence (D:3)
  Ijyb (D:4)
  5 iguanas
  12 orc wizards
  5 ogre zombies (D:9)
  Robin (D:2)
  10 gnolls
  7 adders
  3 dart slugs
  54 orcs
  8 ball pythons
  6 endoplasms
  2 giant cockroaches (D:3)
  3 gnoll zombies (D:9)
  11 goblins
  10 hobgoblins
  4 jackals (D:5)
  27 kobolds
  A quokka (D:4)
  4 bats
  8 frilled lizards
  4 gnoll skeletons (D:9)
  4 orc skeletons (D:9)
  14 orc zombies (D:9)
  5 rats
309 creatures vanquished.

Vanquished Creatures (collateral kills)
  2 orcs (D:4)
  An endoplasm (D:4)
3 creatures vanquished.

Grand Total: 312 creatures vanquished

Notes
Turn   | Place    | Note
-------+----------+-------------------------------------------
     0 | D:1      | strifetoe the Armataur Berserker began the quest for the
                  | Orb.
     0 | D:1      | Reached XP level 1. HP: 19/19 MP: 1/1
   162 | D:1      | Reached XP level 2. HP: 26/26 MP: 2/2
   653 | D:1      | Found a faded altar of an unknown god.
   704 | D:2      | Reached ** piety under Trog
   857 | D:2      | Reached XP level 3. HP: 32/32 MP: 3/3
  1151 | D:2      | Noticed Robin
  1160 | D:2      | Killed Robin
  1168 | D:2      | HP: 1/48 [goblin/+0 club[Robin] (3)]
  1444 | D:3      | Noticed Terence
  1452 | D:3      | HP: 2/48 [Terence/+0 flail (5)]
  1453 | D:3      | Killed Terence
  1454 | D:3      | Reached XP level 4. HP: 3/39 MP: 4/4
  2036 | D:3      | Found a glowing drain.
  2057 | Sewer    | Entered a sewer
  2125 | Sewer    | Reached skill level 5 in Long Blades
  2154 | Sewer    | Noticed Pargi
  2169 | Sewer    | Killed Pargi
  2170 | Sewer    | Reached XP level 5. HP: 37/44 MP: 5/5
  2952 | D:4      | Noticed Duvessa
  2952 | D:4      | Noticed Dowan
  2965 | D:4      | Killed Duvessa
  2966 | D:4      | Reached XP level 6. HP: 53/53 MP: 6/6
  2972 | D:4      | Killed Dowan
  2997 | D:4      | Noticed Eustachio
  3040 | D:4      | Killed Eustachio
  3041 | D:4      | Reached XP level 7. HP: 41/59 MP: 7/7
  3106 | D:4      | Noticed Menkaure
  3227 | D:4      | Killed Menkaure
  3329 | D:4      | Reached *** piety under Trog
  3374 | D:4      | Noticed Ijyb
  3380 | D:4      | Killed Ijyb
  3740 | D:4      | Noticed Edmund
  3771 | D:4      | Killed Edmund
  3772 | D:4      | Reached XP level 8. HP: 22/67 MP: 8/8
  3808 | D:4      | Found a blossoming altar of Fedhas.
  3971 | D:4      | Found a runed translucent door.
  3972 | D:4      | Noticed Crazy Yiuf
  4097 | D:4      | Killed Crazy Yiuf
  4139 | D:5      | Entered Level 5 of the Dungeon
  4719 | D:5      | Noticed Prince Ribbit
  4731 | D:5      | Killed Prince Ribbit
  4732 | D:5      | Reached skill level 5 in Armour
  5007 | D:6      | Identified the "Utaggaech"
  5332 | D:6      | Reached skill level 5 in Fighting
  5342 | D:6      | Reached XP level 9. HP: 65/79 MP: 9/9
  5609 | D:6      | Found a staircase to the Ecumenical Temple.
  6031 | D:7      | Reached skill level 1 in Maces & Flails
  6045 | D:7      | Reached skill level 2 in Maces & Flails
  6198 | D:7      | Reached **** piety under Trog
  6370 | D:7      | Reached skill level 3 in Maces & Flails
  6421 | D:7      | Found a flagged portal.
  6514 | Bailey   | Entered a bailey
  6675 | Bailey   | Reached skill level 4 in Maces & Flails
  6766 | Bailey   | HP: 4/118 [orc/+0 trident (3)]
  6789 | Bailey   | Noticed an orc knight
  6790 | Bailey   | Reached skill level 5 in Maces & Flails
  6800 | Bailey   | Killed an orc knight
  6801 | Bailey   | Reached skill level 6 in Maces & Flails
  7105 | Bailey   | Found a large runed translucent door.
  7105 | Bailey   | Found a large runed translucent door.
  7148 | Bailey   | Noticed a deep elf pyromancer
  7214 | Bailey   | Reached XP level 10. HP: 61/86 MP: 10/10
  7328 | Bailey   | Killed a deep elf pyromancer
  7329 | Bailey   | Reached skill level 7 in Maces & Flails
  7350 | Bailey   | Identified the granite talisman of Ythragihi {Str-3 Slay+2
                  | SInv}
  8082 | D:8      | Reached skill level 8 in Maces & Flails
  8778 | D:8      | Reached skill level 9 in Maces & Flails
  9240 | D:9      | Reached skill level 10 in Maces & Flails
  9243 | D:9      | Reached ***** piety under Trog
  9693 | D:9      | Found a staircase to the Lair.
  9781 | D:9      | Found a staircase to the Orcish Mines.
  9798 | D:9      | Reached XP level 11. HP: 65/94 MP: 11/11
 10096 | D:9      | Reached skill level 11 in Maces & Flails
 10414 | D:10     | Entered Level 10 of the Dungeon
 10422 | D:10     | Noticed a two-headed ogre
 10429 | D:10     | Killed a two-headed ogre
 10997 | D:10     | Noticed a two-headed ogre
 11004 | D:10     | Killed a two-headed ogre
 11005 | D:10     | Reached skill level 12 in Maces & Flails
 11312 | D:10     | Upgraded the game from 0.31-a0-960-g0fca184906 to
                  | 0.31-a0-963-ga325b2283a
 11392 | D:11     | Noticed a two-headed ogre
 11402 | D:11     | Killed a two-headed ogre
 11822 | D:11     | Found a runed translucent door.
 11823 | D:11     | Found a shimmering altar of Xom.
 11823 | D:11     | Noticed p00ps00p's ghost (journeyman HOFi)
 11824 | D:11     | Noticed a +0 hand axe of chaos
 11876 | D:11     | Noticed a four-headed hydra
 11884 | D:11     | Killed a four-headed hydra
 11884 | D:11     | Received a gift from Trog
 12102 | D:11     | Noticed a boulder beetle
 12116 | D:11     | Killed a boulder beetle
 12117 | D:11     | Reached skill level 13 in Maces & Flails
 12220 | D:11     | Killed a +0 hand axe of chaos
 12246 | D:11     | Killed p00ps00p's ghost
 12378 | D:12     | Annihilated by an enormous slime creature

Illustrated notes

Levels and vault maps discovered:
D:1:      noname_arrival_rooms_in_the_neighbourhood, layout_basic,
          shapermc_ecumenical_altar_mp_urbaneastern
D:2:      layout_loops_ring, uniq_robin
D:3:      layout_basic, portal_sewer_entry_d, uniq_terence
D:4:      layout_rooms, lemuel_crystal_altar, uniq_menkaure, uniq_edmund,
          uniq_duvessa, uniq_crazy_yiuf_cottage, uniq_ijyb, uniq_eustachio
D:5:      layout_loops_ring, hangedman_decor_riveting, uniq_prince_ribbit1
D:6:      layout_cave_pools, minmay_temple_entry_enclosed_plants
D:7:      layout_rooms, enter_bailey_5
D:8:      layout_basic, corexii_checkpoint_a, grunt_ogre_cave,
          minmay_misc_feat_pillars, kennysheep_generic_room_11
D:9:      layout_loops_ring, hellmonk_lair_entry_icy, zombieorc2_lemuel,
          lightli_minifort
D:10:     layout_gridville, kennysheep_small_square
D:11:     layout_gridville, ebering_ghost_xom, hangedman_abyss_or_decor_clamps
D:12:     layout_roguey, uniq_erolcha

Skill      XL: |  1  2  3  4  5  6  7  8  9 10 11 |
---------------+----------------------------------+-----
Long Blades    | 3 4 5 6 7 8 |  8.3
Fighting       | 3 5 |  5.5
Armour         | 3 6 |  6.6
Dodging        | 2 3 4 |  4.1
Maces & Flails | 6 10 13 | 13.8

Action                     |  1- 3 |  4- 6 |  7- 9 | 10-12 || total
---------------------------+-------+-------+-------+-------++-------
  Melee: Falchion          |   103 |   189 |   480 |    98 ||   870
         Tailslap          |     9 |    13 |    53 |    71 ||   146
         Punch             |       |     1 |     5 |     3 ||     9
         Morningstar       |       |       |       |   389 ||   389
 Invoke: Berserk           |     2 |     1 |     4 |     7 ||    14
         Trog's Hand       |       |     1 |     2 |     5 ||     8
  Evoke: Wand              |       |     2 |     3 |       ||     5
    Use: Scroll            |       |     4 |     9 |     5 ||    18
         Potion            |       |     4 |     3 |     1 ||     8
 Armour: Animal skin       |    39 |       |       |       ||    39
         Chain mail        |    37 |   193 |   484 |       ||   714
         Crystal plate arm |       |       |    11 |   417 ||   428
  Dodge: Dodged            |    35 |    49 |   163 |    61 ||   308
  Block: Other             |       |    29 |   137 |    60 ||   226
         Reflection        |       |     1 |     2 |     6 ||     9
         Buckler           |       |       |       |    28 ||    28

Table legend: (Time is in decaauts)
 A = Elapsed time spent in this place.
 B = Non-inter-level travel time spent in this place.
 C = Inter-level travel time spent in this place.
 D = Time resting spent in this place.
 E = Time spent auto-exploring this place.
 F = Levels seen in this place.
 G = Mean time per level.
                   A        B        C        D        E       F      G
               +--------+--------+--------+--------+--------+-----+--------+
         Total |  12417 |  11892 |    525 |   2131 |   7308 |  14 |  886.9 |
       Dungeon |  11366 |  10841 |    525 |   1642 |   7113 |  12 |  947.2 |
         Sewer |    138 |    138 |      0 |      5 |      7 |   1 |  138.0 |
        Bailey |    913 |    913 |      0 |    484 |    188 |   1 |  913.0 |
               +--------+--------+--------+--------+--------+-----+--------+

Top non-repeatable levels by time:
     D:3: 1406 daAuts
     D:8: 1345 daAuts
     D:9: 1289 daAuts
     D:4: 1264 daAuts
    D:11: 967 daAuts
    D:10: 926 daAuts
     D:5: 925 daAuts
  Bailey: 913 daAuts
     D:7: 834 daAuts
     D:6: 814 daAuts
     D:2: 770 daAuts
     D:1: 735 daAuts
   Sewer: 138 daAuts
    D:12: 86 daAuts
